 Dungeon Crawl Stone Soup version 0.22-a0-284-g99d1f74 (webtiles) character file.

30016 Azzok the Earth Mage (level 13, -1/82 HPs)
             Began as a Gargoyle Earth Elementalist on Mar 20, 2018.
             Was an Elder of Vehumet.
             Shot with an arrow by Nessos (16 damage)
             ... on level 5 of the Lair of Beasts.
             The game lasted 00:38:37 (22905 turns).

Azzok the Earth Mage (Gargoyle Earth Elementalist) Turns: 22905, Time: 00:38:38

Health: -1/82      AC: 15    Str: 14    XL:     13   Next: 49%
Magic:  21/29      EV: 12    Int: 21    God:    Vehumet [****..]
Gold:   1000       SH:  0    Dex: 10    Spells: 0/22 levels left

rFire    . . .     SeeInvis .   I - +5 dagger of Fear {elec, +Rage Str+2}
rCold    . . .     Gourm    .   (no shield)
rNeg     + . .     Faith    .   t - +0 robe {Archmagi}
rPois    ∞         Spirit   .   (no helmet)
rElec    +         Reflect  .   G - +0 cloak
rCorr    .         Harm     .   D - +0 pair of gloves
MR       .....                  (no boots)
Stlth    ++........             (no amulet)
HPRegen  0.23/turn              u - ring of wizardry
MPRegen  0.21/turn              L - ring of magical power

@: about to teleport
A: negative energy resistance 1, electricity resistance, unbreathing,
petrification resistance, rot immunity, AC +9
a: Renounce Religion, Evoke Berserk Rage


You were on level 5 of the Lair of Beasts.
You worshipped Vehumet.
Vehumet was greatly pleased with you.
You were near starving.

You visited 3 branches of the dungeon, and saw 17 of its levels.

You collected 1000 gold pieces.

Inventory:

Hand Weapons
 I - the +5 dagger of Fear (weapon) {elec, +Rage Str+2}
   (You found it on level 8 of the Dungeon)

   Occasionally, upon striking a foe, it will discharge some electrical energy
   and cause terrible harm.
   It affects your strength (+2).
   It lets you go berserk.
Missiles
 b - 346 stones (quivered)
Armour
 t - a +0 robe of the Archmagi (worn)
 D - a +0 pair of gloves (worn)
 G - a +0 cloak (worn)
 K - a +2 robe of cold resistance
Jewellery
 u - a ring of wizardry (left hand)
 v - an uncursed ring of protection from cold
 L - a ring of magical power (right hand)
 P - an uncursed ring of protection from cold
Wands
 y - a wand of clouds (1)
 H - a wand of disintegration (13)
 J - a wand of paralysis (6)
Scrolls
 g - 4 scrolls of teleportation
 j - 2 scrolls of enchant weapon
 m - 2 scrolls of noise
 n - a scroll of fear
 o - 5 scrolls of remove curse
 p - 3 scrolls of immolation
 s - 4 scrolls of blinking {unknown}
 x - 5 scrolls of magic mapping {unknown}
 z - 2 scrolls of enchant armour {unknown}
 B - 2 scrolls of amnesia {unknown}
 C - 2 scrolls of fog
 M - 3 scrolls of random uselessness {unknown}
 N - a scroll of silence {unknown}
 Q - a scroll of summoning {unknown}
 R - a scroll of identify
Potions
 a - 9 potions of curing
 c - 3 potions of agility {unknown}
 e - 3 potions of flight {unknown}
 f - 2 potions of haste {unknown}
 h - 13 potions of degeneration
 i - 2 potions of brilliance {unknown}
 k - a potion of resistance {unknown}
 l - 3 potions of cancellation {unknown}
 q - 2 potions of invisibility {unknown}
 r - 2 potions of heal wounds {unknown}
 w - a potion of berserk rage {unknown}
 A - a potion of ambrosia {unknown}
 E - 5 potions of might {unknown}
 F - a potion of mutation {unknown}
Comestibles
 d - 30 rations


   Skills:
 - Level 10.2 Fighting
 - Level 8.1 Armour
 - Level 1.5 Dodging
 - Level 2.1 Stealth
 + Level 5.1 Spellcasting
 + Level 13.2 Conjurations
   Level 0.7 Transmutations
 + Level 15.9 Earth Magic


You couldn't memorise any spells.
You knew the following spells:

 Your Spells              Type           Power        Failure   Level  Hunger
a - Sandblast             Erth           ######       0%          1    None
b - Stone Arrow           Conj/Erth      ######       1%          3    ##.....
c - Lee's Rapid Deconstr  Erth           #######...   1%          5    #####..
d - Spellforged Servitor  Conj/Summ      #####.....   47%         7    #######
e - Iron Shot             Conj/Erth      #######...   1%          6    #######


Dungeon Overview and Level Annotations

Branches:
Dungeon (11/15)            Temple (1/1) D:5            Lair (5/6) D:10
 Shoals (0/4) Lair:3       Spider (0/4) Lair:3          Orc (0/2) D:10
  Slime: Lair:5-6

Altars:
Ashenzari
Cheibriados
Dithmenos
Elyvilon
Fedhas
Gozag
Hepliaklqana
Kikubaaqudgha
Makhleb
Nemelex Xobeh
Okawaru
Qazlal
Ru
Sif Muna
Trog
Uskayaw
Vehumet
Wu Jian
Xom
Yredelemnul
Zin
The Shining One

Annotations:
D:7 Slobodan's ghost, novice HuIE
Lair:5 exclusion: oklob plant, Nessos


Innate Abilities, Weirdness & Mutations

You are resistant to torment.
Your stone body is resilient. (AC +9)
You are immune to poison.
You resist negative energy. (rN+)
You are resistant to electric shocks. (rElec)
You can survive without breathing.
You are immune to petrification.
You are immune to rotting.


Message History

Aiming: Iron Shot (safe; 1% risk of failure)
Press: ? - help, Shift-Dir - straight line, f/p - Nessos
Aim: Nessos, wielding a longbow of flaming and wearing a runed centaur barding You feel a surge of power!
The iron shot hits Nessos.
Nessos is heavily wounded.
You are near starving!
Nessos blinks!
Nessos shoots an arrow.
The arrow hits you!! The arrow burns you.
An eight-headed hydra comes into view.
An eight-headed hydra is nearby!
Nessos shoots an arrow.
The arrow barely misses you.
Nessos shoots an arrow.
The arrow hits you!!
* * * LOW HITPOINT WARNING * * *
The arrow burns you!
* * * LOW HITPOINT WARNING * * *
The eight-headed hydra roars!
You see here an arrow.
As you read the scroll of teleportation, it crumbles to dust.
You feel strangely unstable.
Nessos shoots an arrow.
The arrow hits you!
You die...

·▒···▒···········▒▒▒···▒▒····▒
··▒······P···▒····▒▒········P▒
··············▒········P▒·····▒
··············▒·········▒▒···▒▒
·············▒···▒▒▒P··▒▒▒···▒
··········▒···▒···▒▒P····▒···▒
······P············▒▒P·······▒
··················▒▒·········▒
······%%%·······@▒▒·P·······P▒
······%P%·%·(··(·▒▒·········
······%·%c···▒·········▒$··
·······c·····▒·········
·······P·····)▒···▒·P··
······P··▒···▒····▒····
·················▒▒ ▒··
···········D······▒ ··
··············▒▒


You could see Nessos and an eight-headed hydra.

Vanquished Creatures
  Fannar (Lair:2)
  Harold (Lair:1)
  4 hydras
  Erica (Lair:1)
  3 two-headed ogres (D:9)
  Nergalle (D:10)
  An unseen horror (D:11)
  An ugly thing (D:9)
  A manticore (Lair:3)
  A moth of wrath (D:8)
  3 black mambas
  A gargoyle (D:11)
  2 rime drakes
  8 spiny frogs
  9 komodo dragons
  2 trolls
  A hornet (Lair:3)
  A dream sheep (Lair:5)
  7 hippogriffs
  3 blink frogs (Lair:4)
  A shadow (D:9)
  27 yaks
  A wyvern (Lair:3)
  2 basilisks
  A hungry ghost (D:8)
  A soldier ant (D:10)
  8 water moccasins
  12 porcupines
  3 ice beasts
  2 sky beasts
  A swamp drake (D:10)
  2 orc warriors
  2 phantoms
  A black bear (Lair:1)
  4 ogres
  4 centaurs
  8 crocodiles
  A big kobold (D:9)
  Blork the orc (D:5)
  9 bullfrogs
  A gnoll sergeant (D:10)
  A wyvern zombie (D:6)
  A water moccasin zombie (D:11)
  5 scorpions
  5 howler monkeys
  A bullfrog zombie (D:9)
  A centaur zombie (D:9)
  3 quasits
  9 orc priests
  A bullfrog skeleton (D:10)
  2 gnoll shamans (D:4)
  5 hounds
  7 jellies
  3 iguanas
  11 orc wizards
  A statue (D:5)
  6 worker ants
  A hound zombie (D:7)
  2 hound skeletons
  17 gnolls
  A howler monkey skeleton (D:5)
  15 adders
  2 shadow imps (D:7)
  6 oozes
  An adder zombie (D:6)
  An adder skeleton (D:8)
  7 worms
  3 dart slugs
  A leopard gecko (D:6)
  43 orcs
  2 ball pythons
  7 giant cockroaches
  6 hobgoblins
  11 jackals
  6 quokkas
  7 bats
  7 frilled lizards
  11 goblins
  11 kobolds
  A leopard gecko skeleton (D:6)
  8 rats
383 creatures vanquished.

Vanquished Creatures (others)
  4 dream sheep (Lair:5)
  A fungus (Lair:5)
  A plant (D:10)
6 creatures vanquished.

Grand Total: 389 creatures vanquished

Notes
Turn   | Place    | Note
-------+----------+-------------------------------------------
     0 | D:1      | Azzok the Gargoyle Earth Elementalist began the quest for the Orb.
     0 | D:1      | Reached XP level 1. HP: 10/10 MP: 3/3
    67 | D:1      | Reached skill level 4 in Earth Magic
    68 | D:1      | Reached XP level 2. HP: 15/15 MP: 1/5
   959 | D:1      | Reached XP level 3. HP: 11/19 MP: 0/6
  1089 | D:2      | Reached skill level 5 in Earth Magic
  1163 | D:2      | Learned a level 3 spell: Stone Arrow
  1428 | D:1      | Reached XP level 4. HP: 19/24 MP: 2/7
  1506 | D:2      | Reached skill level 1 in Conjurations
  1778 | D:2      | Reached skill level 6 in Earth Magic
  1989 | D:2      | Found an iron altar of Okawaru.
  2235 | D:2      | Reached XP level 5. HP: 28/28 MP: 2/8
  2330 | D:2      | Found a glowing golden altar of the Shining One.
  3034 | D:3      | Reached XP level 6. HP: 27/32 MP: 9/9
  3052 | D:3      | Found a faded altar of an unknown god.
  3314 | D:3      | Found a glowing silver altar of Zin.
  3719 | D:3      | Found a hide-covered altar of Uskayaw.
  3839 | D:3      | Learned a level 5 spell: Lee's Rapid Deconstruction
  3921 | D:4      | Reached skill level 7 in Earth Magic
  4111 | D:4      | Reached skill level 1 in Fighting
  4368 | D:3      | Reached XP level 7. HP: 7/40 MP: 5/10
  5258 | D:4      | Found a deep blue altar of Sif Muna.
  5732 | D:4      | Reached skill level 5 in Conjurations
  5732 | D:4      | Reached skill level 8 in Earth Magic
  5850 | D:5      | Entered Level 5 of the Dungeon
  5886 | D:5      | Found a radiant altar of Vehumet.
  5930 | D:5      | Reached XP level 8. HP: 35/47 MP: 11/11
  6129 | D:5      | Reached skill level 9 in Earth Magic
  6273 | D:5      | Noticed Blork the orc
  6280 | D:5      | Killed Blork the orc
  6386 | D:5      | Found a staircase to the Ecumenical Temple.
  6394 | Temple   | Entered the Ecumenical Temple
  7135 | D:5      | Became a worshipper of Vehumet
  7197 | D:6      | Reached skill level 10 in Earth Magic
  7821 | D:6      | Reached XP level 9. HP: 52/52 MP: 9/13
  8572 | D:7      | Reached skill level 5 in Fighting
  9124 | D:7      | Found an ancient bone altar of Kikubaaqudgha.
  9197 | D:7      | Found a deep blue altar of Sif Muna.
  9209 | D:7      | Reached skill level 11 in Earth Magic
  9218 | D:7      | Reached * piety under Vehumet
  9218 | D:7      | Offered knowledge of Freeze by Vehumet.
  9652 | D:7      | Noticed Slobodan's ghost (novice HuIE)
 10639 | D:8      | Noticed a moth of wrath
 10641 | D:8      | Found a bloodstained altar of Trog.
 10648 | D:8      | Killed a moth of wrath
 10648 | D:8      | Reached XP level 10. HP: 61/61 MP: 5/17
 10688 | D:8      | Got a transparent dagger
 10764 | D:8      | Identified the +5 dagger of Fear {elec, +Rage Str+2} (You found it on level 8 of the Dungeon)
 11019 | D:8      | Got a smoking falchion
 11020 | D:8      | Identified the +9 falchion of Sunlight {drain, rElec rN+ Str+4 Dex-2} (You found it on level 8 of the Dungeon)
 11170 | D:8      | Reached skill level 5 in Spellcasting
 11185 | D:8      | Offered knowledge of Shock by Vehumet.
 11188 | D:8      | Reached ** piety under Vehumet
 11640 | D:9      | Reached skill level 12 in Earth Magic
 11955 | D:9      | Noticed a two-headed ogre
 11960 | D:9      | Killed a two-headed ogre
 12123 | D:9      | Noticed a two-headed ogre
 12181 | D:9      | Killed a two-headed ogre
 12285 | D:9      | Reached XP level 11. HP: 41/69 MP: 4/18
 12374 | D:9      | Noticed a white ugly thing
 12378 | D:9      | Killed a white ugly thing
 12795 | D:9      | Noticed a two-headed ogre
 12801 | D:9      | Killed a two-headed ogre
 12801 | D:9      | Reached skill level 13 in Earth Magic
 13152 | D:9      | Offered knowledge of Throw Flame by Vehumet.
 13494 | D:10     | Entered Level 10 of the Dungeon
 13604 | D:10     | Reached skill level 10 in Conjurations
 13605 | D:10     | Reached *** piety under Vehumet
 13699 | D:10     | Found a staircase to the Lair.
 14839 | D:10     | Noticed Nergalle
 14844 | D:10     | Noticed a spectral orc warlord
 15162 | D:10     | Killed Nergalle
 15162 | D:10     | Offered knowledge of Fulminant Prism by Vehumet.
 15401 | D:10     | Found a staircase to the Orcish Mines.
 15853 | D:11     | Killed an unseen horror
 15853 | D:11     | Reached skill level 10 in Fighting
 16719 | Lair:1   | Entered Level 1 of the Lair of Beasts
 16727 | Lair:1   | Reached skill level 14 in Earth Magic
 16733 | Lair:1   | Reached skill level 1 in Armour
 16733 | Lair:1   | Reached XP level 12. HP: 41/77 MP: 9/19
 17002 | D:10     | Reached **** piety under Vehumet
 17148 | Lair:1   | Offered knowledge of Iskenderun's Mystic Blast by Vehumet.
 17197 | Lair:1   | Noticed Erica
 17242 | Lair:1   | Killed Erica
 17791 | Lair:1   | Noticed Harold
 17800 | Lair:1   | Killed Harold
 18466 | Lair:2   | Noticed a four-headed hydra
 18473 | Lair:2   | Killed a four-headed hydra
 18697 | Lair:2   | Noticed Fannar
 18715 | Lair:2   | Killed Fannar
 18752 | Lair:2   | Reached skill level 5 in Armour
 19373 | Lair:3   | Identified Ryfof's Thaumaturgy in Simple Steps
 19424 | Lair:3   | Reached skill level 15 in Earth Magic
 19702 | Lair:3   | Found a hole to the Spider Nest.
 19813 | Lair:3   | Found a staircase to the Shoals.
 19816 | Lair:3   | Reached ***** piety under Vehumet
 19955 | Lair:3   | Reached XP level 13. HP: 82/82 MP: 6/20
 20297 | Lair:3   | Offered knowledge of Spellforged Servitor by Vehumet.
 20306 | Lair:3   | Learned a level 7 spell: Spellforged Servitor
 21008 | Lair:4   | Got a fine ring mail
 21009 | Lair:4   | Identified the +3 ring mail of a bailey {rN+} (You found it on level 4 of the Lair of Beasts)
 22217 | Lair:5   | Found a shimmering altar of Xom.
 22563 | Lair:5   | Noticed Nessos
 22607 | Lair:5   | Identified Umonuej's Catalogue of Dislocation and Clay
 22616 | Lair:5   | Learned a level 6 spell: Iron Shot
 22905 | Lair:5   | Shot with an arrow by Nessos

Vault maps used:
D:1:      mrwooster_arrival_statue_3, minmay_misc_feat_square
D:2:      tso_altar, lemuel_doored_altar
D:3:      overflow_temple_1_default, lemuel_round_altar,
          chequers_ecumenical_altar_island, first_ration
D:4:      led_sif_pool
D:5:      vehumet_statue, minmay_temple_entry_overgrown, hangedman_glass_teeth,
          hangedman_decor_peaks_small, minivault_23, st_stairs_12,
          uniq_blork_the_orc
D:7:      overflow_temple_1_default, basic_altar
D:8:      hangedman_little_slice_of_home, tgw_trog
D:10:     minmay_lair_entry_grove, erik_orc_1, uniq_nergalle
Temple:   regret_index_temple_generic_petals
Lair:1:   uniq_harold, uniq_erica
Lair:2:   uniq_fannar
Lair:3:   minmay_shoals_entry_beasts, nicolae_spider_entry_non_spiders,
          guppyfry_lair_drakes, grunt_megastairs_4
Lair:5:   minmay_lair_oklob_bushes, kb_xom_exploding_sheep, lemuel_fruit_tree,
          serial_bayou_shore_b, uniq_nessos

Skill      XL: |  1  2  3  4  5  6  7  8  9 10 11 12 13 |
---------------+----------------------------------------+-----
Earth Magic    | 4 5 6 7 8 10 11 12 14 15 | 15.9
Conjurations   | 2 3 4 5 7 9 10 12 13 | 13.2
Fighting       | 2 3 4 6 8 10 | 10.2
Spellcasting   | 4 5 |  5.1
Armour         | 1 6 8 |  8.1
Dodging        | |  1.5
Stealth        | |  2.1
Transmutations | |  0.7

Action                   |  1- 3 |  4- 6 |  7- 9 | 10-12 | 13-15 || total
-------------------------+-------+-------+-------+-------+-------++-------
Melee: Club              |    78 |    16 |       |       |       ||    94
       Dagger            |       |   124 |   184 |   173 |     8 ||   489
 Cast: Sandblast         |    31 |    27 |    14 |    96 |     8 ||   176
       Stone Arrow       |     4 |    26 |    92 |   218 |    95 ||   435
       Lee's Rapid Decon |       |       |     2 |    18 |     1 ||    21
       Iron Shot         |       |       |       |       |     1 ||     1
  Use: Scroll            |     1 |     5 |     3 |     5 |     3 ||    17
       Potion            |       |       |       |     1 |       ||     1
 Stab: Sleeping          |       |     1 |     1 |     1 |       ||     3
  Eat: Chunk             |     3 |    13 |    25 |    31 |    12 ||    84
       Ration            |       |       |     1 |     4 |       ||     5
Armor: Robe              |    46 |    52 |    79 |   115 |    17 ||   309
Dodge: Dodged            |    84 |   109 |   117 |   146 |    16 ||   472

Table legend:
 A = Spawn XP
 B = Non-spawn XP
 C = Spawn XP percentage of total XP
 D = Spawn monster count
 E = Non-spawn monster count
 F = Spawn count percentage of total count
 G = Total turns spent on level
                    A         B        C        D         E        F      G
               +---------+---------+-------+---------+---------+-------+---------
         Total |       0 |   42880 |   0.0 |       0 |     383 |   0.0 | 22905
               +---------+---------+-------+---------+---------+-------+---------
           D:1 |       0 |      66 |   0.0 |       0 |      25 |   0.0 |  1464
           D:2 |       0 |     117 |   0.0 |       0 |      23 |   0.0 |  1015
           D:3 |       0 |     215 |   0.0 |       0 |      41 |   0.0 |  1780
           D:4 |       0 |     722 |   0.0 |       0 |      27 |   0.0 |  1591
           D:5 |       0 |     570 |   0.0 |       0 |      23 |   0.0 |  1104
           D:6 |       0 |    1301 |   0.0 |       0 |      22 |   0.0 |  1935
           D:7 |       0 |    1215 |   0.0 |       0 |      22 |   0.0 |  1208
           D:8 |       0 |    1348 |   0.0 |       0 |      29 |   0.0 |  1629
           D:9 |       0 |    6235 |   0.0 |       0 |      31 |   0.0 |  1559
          D:10 |       0 |    5070 |   0.0 |       0 |      47 |   0.0 |  2676
          D:11 |       0 |    1744 |   0.0 |       0 |       8 |   0.0 |   936
        Lair:1 |       0 |    5481 |   0.0 |       0 |      14 |   0.0 |  1330
        Lair:2 |       0 |    3332 |   0.0 |       0 |      11 |   0.0 |   914
        Lair:3 |       0 |    8946 |   0.0 |       0 |      36 |   0.0 |  1576
        Lair:4 |       0 |    3197 |   0.0 |       0 |      13 |   0.0 |  1101
        Lair:5 |       0 |    3321 |   0.0 |       0 |      11 |   0.0 |   878
               +---------+---------+-------+---------+---------+-------+---------
